 Dungeon Crawl Stone Soup version 0.17-a0-1210-g1e4f09d (webtiles) character file.

38 patman the Cudgeler (level 3, 0/29 HPs)
             Began as a Human Chaos Knight on June 3, 2015.
             Slain by Sigmund
             ... wielding a +0 scythe
              (4 damage)
             ... on level 2 of the Dungeon.
             The game lasted 00:02:19 (1305 turns).

patman the Cudgeler (Human Chaos Knight)            Turns: 1305, Time: 00:02:20

Health: 0/29       AC: 10    Str: 12    XL:     3   Next: 65%
Magic:  3/3        EV:  5    Int: 15    God:    Xom [...*..]
Gold:   67         SH:  0    Dex: 13    Spells: 0 memorised, 2 levels left

rFire  . . .     SeeInvis .     a - +0 mace (chaos)
rCold  . . .     Clarity  .     f - +0 chain mail (curse)
rNeg   . . .     SustAt   .     (no shield)
rPois  .         Gourm    .     (no helmet)
rElec  .         Spirit   .     s - +0 cloak
rCorr  .         Warding  .     k - +0 pair of gloves
rMut   .         Stasis   .     (no boots)
MR     .....                    (no amulet)
Stlth  ..........               (no ring)
                                i - +3 ring of intelligence

@: confused, very slightly contaminated, hasted, very quick, not resistant to
hostile enchantments, extremely unstealthy
A: no striking features
a: Renounce Religion


You were on level 2 of the Dungeon.
You worshipped Xom.
You were a favourite toy of Xom.
You were not hungry.

You visited 1 branch of the dungeon, and saw 2 of its levels.

You collected 67 gold pieces.

Inventory:

Hand weapons
 a - a +0 mace of chaos (weapon)
Missiles
 p - 7 curare-tipped needles
Armour
 b - a +2 leather armour
 f - a cursed +0 chain mail (worn)
 k - a +0 pair of gloves (worn)
 s - a +0 cloak (worn)
Jewellery
 i - a +3 ring of intelligence (left hand)
Scrolls
 e - a scroll of noise {unknown}
 g - a scroll of teleportation {unknown}
 h - a scroll of enchant weapon {unknown}
 l - a scroll of amnesia {unknown}
 m - 2 scrolls of remove curse {unknown}
Potions
 d - a potion of haste
 j - a potion of curing {unknown}
 o - a potion of invisibility {unknown}
 q - a potion of cancellation {unknown}
 r - a potion of lignification {unknown}
Comestibles
 c - 2 bread rations
 n - 4 fruits


   Skills:
 - Level 3.0 Fighting
 + Level 4.4 Maces & Flails
 - Level 2.0 Armour
 - Level 1.0 Dodging


You had 2 spell levels left.
You didn't know any spells.

Dungeon Overview and Level Annotations

Branches:
Dungeon (2/15)

Altars:
Trog

Annotations:
D:2 Sigmund


Message History

Okay, then.
Unknown command.
Unknown command.
You thump Sigmund!
Sigmund is heavily wounded.
You're too confused to move!
Xom opens a gate.
You are now a favourite toy of Xom.
Sigmund drinks a potion.
Sigmund is healed!
Are you sure you want to stumble around while confused and next to your quasit?
Okay, then.
Unknown command.
Unknown command.
Are you sure you want to stumble around while confused and next to your quasit? [Y]es or [N]o only, please.
Are you sure you want to stumble around while confused and next to your quasit? [Y]es or [N]o only, please.
Are you sure you want to stumble around while confused and next to your quasit?
You bump into the rock wall.
Sigmund hits you with a scythe.
You die...
Xom titters!

## .# .### ...#
.#.# .#.#
########## .#.#
#......5.#
...######.######@#
.>........# #@#
.########## #.#
..... #.# ####.#
#.# #.# #.# #.#


You could see Sigmund and a friendly quasit.

Vanquished Creatures
  4 bats
  5 giant cockroaches
  5 goblins
  7 hobgoblins
  2 kobolds
  A giant newt (D:1)
  4 jackals (D:1)
  6 rats
34 creatures vanquished.

Vanquished Creatures (others)
  A fire vortex (D:2)
1 creature vanquished.

Grand Total: 35 creatures vanquished

Notes
Turn   | Place    | Note
--------------------------------------------------------------
     0 | D:1      | patman the Human Chaos Knight began the quest for the Orb.
     0 | D:1      | Reached XP level 1. HP: 18/18 MP: 1/1
   165 | D:1      | XOM: harmless Necr miscast
   223 | D:1      | Reached XP level 2. HP: 18/24 MP: 2/2
   519 | D:1      | Reached skill level 4 in Maces & Flails
   519 | D:1      | Reached XP level 3. HP: 29/29 MP: 3/3
   862 | D:2      | Found a bloodstained altar of Trog.
   915 | D:2      | XOM: mild Fire miscast
   916 | D:2      | Noticed a fire vortex
   916 | D:2      | Noticed a fire vortex
   920 | D:2      | Killed a fire vortex
  1202 | D:2      | XOM: blink monster(s)
  1294 | D:2      | Noticed Sigmund
  1304 | D:2      | XOM: summons friendly quasit
  1305 | D:2      | Slain by Sigmund

Vault maps used:
D:1:      dpeg_arrival_pits
D:2:      overflow_temple_1_default, uniq_sigmund

Action                   || total
-------------------------++-------
Melee: Mace              ||   102
  Use: Potion            ||     1
 Stab: Sleeping          ||     1
  Eat: Beef jerky        ||     1
